Map: Ruins of Seras

Players

Polt

  • Race: Terran Terran

Soulkey - Winner!

  • Race: Zerg Zerg

Event: IEM Season 10 - Taipei

VOD

https://www.youtube.com/watch?v=uX791tpf978

Description

Time

  • Played on: Jan. 31, 2016, 11:01 p.m.
  • Length: 10:08

All games in this series

Show
View Real Time Build Order
Export as new Build Order

Polt Terran 

Build Orders: MMM Bio 

Get SALT Encoding   

  12  0:00  SCV  
  13  0:13  SCV  
  14  0:17  Supply Depot  
  14  0:25  SCV  
  15  0:39  SCV, Barracks  
  16  0:51  SCV  
  17  1:03  SCV  
  18  1:15  SCV  
  19  1:18  Command Center  
  19  1:28  Orbital Command  
  19  1:32  Marine  
  20  1:38  Supply Depot  
  20  1:48  Refinery  
  20  1:50  Refinery  
  20  1:54  SCV  
  21  1:55  Marine  
  22  2:06  SCV  
  23  2:13  Marine  
  24  2:18  SCV  
  25  2:30  Orbital Command, SCV  
  25  2:31  Marine  
  25  2:33  Bunker  
  27  2:37  Factory  
  27  2:42  SCV  
  28  2:49  Barracks Reactor  
  28  2:53  Barracks  
  28  2:55  SCV  
  28  2:57  SCV  
  30  3:07  SCV  
  30  3:09  SCV  
  32  3:19  SCV  
  33  3:21  Starport, SCV  
  34  3:29  Hellion  
  34  3:31  SCV, Hellion  
  34  3:33  Supply Depot, Barracks Tech Lab  
  34  3:34  SCV  
  40  3:40  Barracks Reactor  
  40  3:44  SCV  
  40  3:46  SCV  
  42  3:50  Hellion  
  42  3:52  Hellion  
  46  3:59  SCV  
  46  4:01  Marine, SCV  
  44  4:06  Orbital Command  
  36  4:12  Hellion  
  36  4:13  Hellion  
  36  4:14  Stimpack  
  36  4:15  Viking  
  42  4:19  SCV  
  41  4:34  Hellion  
  41  4:35  Hellion  
  43  4:39  SCV x2  
  43  4:46  Marine x3  
  43  4:47  Supply Depot  
  46  4:56  Supply Depot  
  46  5:09  Marine x3, SCV, Hellion x2  
  54  5:15  Engineering Bay  
  54  5:18  SCV  
  55  5:27  Marine x3  
  57  5:30  Supply Depot  
  57  5:37  Armory  
  57  5:40  SCV  
  58  5:45  Medivac x2  
  58  5:47  Supply Depot  
  58  5:49  Missile Turret  
  62  5:53  Marine x2  
  62  5:54  Marine  
  65  5:59  Supply Depot  
  65  6:02  Factory Reactor  
  65  6:08  SCV x2  
  67  6:12  Supply Depot  
  67  6:23  Supply Depot, Marine x3  
  67  6:24  Starport Reactor  
  70  6:36  SCV  
  70  6:37  SCV  
  72  6:46  Terran Infantry Weapons Level 1  
  72  6:49  SCV x2  
  72  6:51  Barracks  
  72  6:52  Combat Shields, Barracks  
  74  7:02  Factory Reactor  
  74  7:08  SCV x2  
  76  7:09  Marine x3, Hellion x8  
  76  7:13  Medivac x2  
  76  7:15  Barracks  
  69  7:27  Marine x3  
  72  7:30  Liberator x2  
  72  7:48  Marine x3  
  72  7:49  Marine x2  
  72  7:51  Marine x2  
  83  7:53  Widow Mine  
  83  7:57  Supply Depot  
  87  7:58  Supply Depot  
  87  8:05  Marine x2  
  87  8:06  Marine x5  
  87  8:09  Marauder, Marine  
  97  8:16  Supply Depot  
  97  8:17  Liberator x2  
  97  8:18  Supply Depot  
  97  8:21  Widow Mine  
  99  8:27  Marine x8  
  99  8:30  Marine  
  114  8:48  Marine x5  
  114  8:49  Marauder, Marine x3  
  114  8:54  Widow Mine  
  126  9:07  Marine x8  
  134  9:22  Supply Depot x2  
  134  9:23  Marauder  
  128  9:28  Widow Mine  
  128  9:30  Marine x8  
  125  9:35  Medivac x2  
  125  9:44  Marauder  
  101  9:48  Marine x4  
  101  9:49  Marine x2  
  101  9:50  Marine x2  
Show
View Real Time Build Order
Export as new Build Order

Soulkey Zerg - Winner!

Build Orders: Hatch First, Muta Ling Bane 

Get SALT Encoding   

  12  0:00  Drone  
  13  0:12  Overlord  
  13  0:17  Drone  
  14  0:31  Drone x2  
  14  0:35  Drone  
  17  0:52  Hatchery  
  17  0:55  Drone  
  17  0:58  Drone  
  18  1:09  Extractor  
  17  1:14  Spawning Pool  
  17  1:17  Drone  
  17  1:21  Drone  
  18  1:30  Drone  
  19  1:39  Overlord  
  19  2:01  Queen  
  19  2:02  Zergling x4  
  19  2:04  Queen  
  19  2:05  Drone  
  26  2:10  Metabolic Boost  
  26  2:14  Drone  
  27  2:18  Drone  
  28  2:29  Drone x2  
  30  2:36  Queen  
  30  2:40  Queen  
  30  2:43  Overlord  
  34  2:48  Overlord  
  34  2:53  Drone  
  35  2:59  Zergling x2  
  35  3:02  Zergling x2  
  35  3:03  Zergling x2  
  38  3:06  Zergling x2  
  38  3:09  Zergling x8  
  38  3:12  Zergling x2  
  44  3:16  Zergling x4  
  46  3:21  Drone x2  
  47  3:29  Drone  
  47  3:32  Drone  
  49  3:38  Drone  
  50  3:45  Hatchery  
  50  3:46  Drone x2  
  51  3:48  Overlord  
  49  3:57  Drone x3  
  49  4:03  Drone x3  
  49  4:07  Lair  
  52  4:16  Overlord  
  52  4:18  Queen  
  52  4:19  Extractor  
  52  4:20  Extractor  
  52  4:21  Drone x2  
  52  4:22  Drone  
  54  4:30  Drone x4  
  56  4:45  Drone x4, Baneling Nest  
  57  4:47  Extractor  
  56  4:54  Drone x2  
  56  4:58  Drone  
  56  4:59  Drone  
  60  5:00  Zergling x4  
  60  5:03  Zergling x4  
  64  5:08  Overlord  
  64  5:09  Overseer  
  64  5:15  Spore Crawler  
  64  5:16  Drone x2  
  64  5:17  Evolution Chamber  
  64  5:18  Evolution Chamber, Overlord  
  63  5:24  Overseer  
  63  5:30  Drone x3  
  63  5:31  Drone x2, Spire  
  67  5:36  Centrifical Hooks  
  67  5:39  Drone  
  68  5:45  Zerg Ground Armor Level 1  
  68  5:47  Zergling x6  
  68  5:49  Zergling x2  
  71  5:50  Baneling x2  
  71  5:55  Drone x2  
  71  5:56  Zergling x4  
  75  5:59  Zerg Melee Weapons Level 1, Extractor  
  75  6:01  Baneling  
  75  6:02  Zergling x2  
  75  6:03  Zergling x2  
  76  6:08  Overlord  
  76  6:09  Overlord  
  76  6:12  Baneling x3  
  76  6:13  Zergling x4  
  76  6:16  Zergling x2  
  76  6:17  Zergling x2  
  80  6:23  Drone  
  80  6:24  Overlord  
  81  6:28  Drone x6  
  81  6:32  Baneling x5  
  87  6:35  Overlord  
  87  6:36  Zergling x2  
  87  6:37  Zergling x2  
  87  6:39  Baneling  
  89  6:40  Baneling x3  
  89  6:44  Baneling  
  89  6:49  Mutalisk x2  
  89  6:52  Mutalisk  
  95  6:56  Zergling x12  
  101  7:02  Drone x4, Extractor  
  101  7:05  Overlord  
  104  7:09  Zerg Flyer Weapons Level 1  
  104  7:11  Overlord  
  104  7:13  Overlord  
  99  7:24  Mutalisk x3  
  99  7:26  Drone x2  
  99  7:27  Drone x2  
  109  7:39  Drone  
  109  7:41  Hatchery  
  109  7:43  Hatchery  
  108  7:49  Infestation Pit  
  106  7:56  Mutalisk x3  
  106  7:57  Overseer  
  112  8:08  Zergling x16  
  120  8:21  Mutalisk  
  120  8:22  Overlord  
  120  8:23  Overlord x2  
  122  8:33  Hive  
  122  8:36  Drone x3  
  122  8:37  Drone x3, Overlord  
  122  8:38  Pneumatized Carapace  
  128  8:45  Mutalisk  
  128  8:47  Zergling x14  
  137  8:55  Overseer  
  137  8:57  Zergling x8  
  140  9:04  Zergling x8  
  140  9:06  Zergling x16  
  140  9:08  Baneling  
  140  9:09  Baneling x5  
  152  9:10  Baneling x2  
  152  9:11  Baneling x2  
  152  9:13  Baneling x3  
  152  9:14  Baneling  
  151  9:19  Baneling x5  
  151  9:20  Zergling x8  
  152  9:28  Zergling x16  
  152  9:30  Baneling  
  152  9:31  Baneling x4  
  142  9:34  Baneling x2  
  142  9:35  Baneling x6  
  139  9:44  Zergling x18  
  126  10:07  Extractor  

Tags
 
Add a new tag
Caveats
  • Supply blocks, unpowered buildings, or Contaminate may cause inaccurate times.
  • Supply counts are checked every 10 seconds.